[Event "Titled Tuesday Blitz April 05 Late 2022"]
[White "Ezat, Mohamed"]
[Black "Kamsky, Gata"]
[WhiteFideId "10600906"]
[BlackFideId "2000024"]
[WhiteElo "2386"]
[BlackElo "2645"]
[Result "1/2-1/2"]
[Round "02"]
[TimeControl "180+1"]
[Date "2022.04.05"]
[WhiteClock "0:00:25"]
[BlackClock "0:00:36"]

1. d4 f5 2. Nc3 Nf6 3. Bg5 d5 4. Bxf6 exf6 5. e3 Be6 6. Bd3 Nc6 7. a3 Qd7 8. Qf3 Ne7 9. Nge2 g5 10. h3 O-O-O 11. g4 Bg7 12. gxf5 Nxf5 13. O-O-O Nh4 14. Qg3 h6 15. Kb1 Kb8 16. e4 f5 17. exd5 Bxd5 18. Nxd5 Qxd5 19. Nc3 Qxd4 20. Bxf5 Qc5 21. Bg4 Bxc3 22. Qxc3 Qxc3 23. bxc3 c6 24. Rhe1 Rxd1+ 25. Rxd1 Ng6 26. Rd6 Nf4 27. c4 a5 28. Rf6 h5 29. Bf5 Re8 30. Kb2 Re2 31. Rf8+ Ka7 32. Rg8 Re5 33. Bc8 Kb8 34. Bf5+ Kc7 35. Rg7+ Kd6 36. Bc8 b6 37. a4 Kc5 38. Kb3 h4 39. Rg8 Ne2 40. c3 Nf4 41. Bg4 Nd3 42. f3 Nf2 43. Rg7 Nd3 44. Rg6 Nf4 45. Rg7 Kd6 46. Rd7+ Kc5 47. Rg7 Nd3 48. Rg6 Nf4 49. Rg7 1/2-1/2


[Site "https://www.chess.com"]

[Event "Titled Tuesday Blitz April 05 Late 2022"]
[White "Federzoni, Enzo"]
[Black "Tarigan, Gilbert Elroy"]
[WhiteFideId "2173301"]
[BlackFideId "7108133"]
[WhiteElo "2398"]
[BlackElo "2695"]
[Result "0-1"]
[Round "02"]
[TimeControl "180+1"]
[Date "2022.04.06"]
[WhiteClock "0:00:52"]
[BlackClock "0:00:58"]

1. e4 e5 2. Nf3 Nc6 3. d4 exd4 4. Nxd4 Bb4+ 5. c3 Bc5 6. Be3 Bb6 7. Nf5 g6 8. Bxb6 axb6 9. Ne3 Nf6 10. f3 O-O 11. c4 d6 12. Be2 Nh5 13. O-O Nf4 14. g3 Qg5 15. Nd5 Nxd5 16. cxd5 Qe3+ 17. Kg2 Nd4 18. Nc3 c5 19. Qd3 Qh6 20. Kg1 Bd7 21. f4 b5 22. Bf3 b4 23. Ne2 Bb5 24. Qd2 Nxf3+ 25. Rxf3 Rfe8 26. Re3 Re7 27. Ra3 bxa3 0-1


[Site "https://www.chess.com"]

[Event "Titled Tuesday Blitz April 05 Late 2022"]
[White "Fedoseev, Vladimir"]
[Black "Hasangatin, Ramil"]
[WhiteFideId "24130737"]
[BlackFideId "4122160"]
[WhiteElo "2726"]
[BlackElo "2375"]
[Result "1-0"]
[Round "02"]
[TimeControl "180+1"]
[Date "2022.04.05"]
[WhiteClock "0:00:30"]
[BlackClock "0:00:06"]

1. Nf3 d5 2. g3 Nc6 3. d4 Bf5 4. c3 e6 5. Nh4 Be4 6. f3 Bxb1 7. Rxb1 Be7 8. Ng2 Nf6 9. Ne3 O-O 10. Bh3 Re8 11. O-O e5 12. Nf5 Bf8 13. e3 g6 14. Nh4 Bg7 15. b3 Qd6 16. Bd2 Rad8 17. Qc2 Re7 18. Rfe1 Rde8 19. Bf1 a6 20. a4 Bh6 21. Ng2 Nb8 22. Red1 Nbd7 23. Be1 c5 24. dxc5 Qxc5 25. Bf2 Qc6 26. c4 dxc4 27. e4 c3 28. Ne3 Nf8 29. Rd3 Rc7 30. Rbd1 Rd7 31. Rxc3 Qe6 32. Rxd7 N8xd7 33. Rc7 Rb8 34. Bc4 Qe8 35. Nd5 Nxd5 36. Bxd5 b5 37. Qc6 Nf8 38. Qxe8 1-0


[Site "https://www.chess.com"]

[Event "Titled Tuesday Blitz April 05 Late 2022"]
[White "Fiedorek, Michal"]
[Black "Melkumyan, Hrant"]
[WhiteFideId "1199528"]
[BlackFideId "13302485"]
[WhiteElo "1833"]
[BlackElo "2604"]
[Result "0-1"]
[Round "02"]
[TimeControl "180+1"]
[Date "2022.04.05"]
[WhiteClock "0:00:01"]
[BlackClock "0:00:44"]

1. e4 e6 2. d4 d5 3. Nd2 c5 4. exd5 Qxd5 5. Ngf3 Nf6 6. Bc4 Qd6 7. O-O Nc6 8. dxc5 Qxc5 9. Qe2 Be7 10. Nb3 Qh5 11. Nbd4 Nxd4 12. Nxd4 Qxe2 13. Bxe2 Bd7 14. Bf3 O-O-O 15. Bf4 Bc5 16. Nb3 Bb6 17. c4 Rhe8 18. Be5 Bc7 19. Rfe1 Kb8 20. Na5 Bc8 21. Bxc7+ Kxc7 22. Rad1 g5 23. g3 g4 24. Bg2 h5 25. b4 e5 26. c5 e4 27. Nb3 Be6 28. Nd4 a6 29. a3 Bd7 30. Rd2 Ba4 31. Ree2 Re5 32. Bf1 Red5 33. h3 Rxd4 0-1


[Site "https://www.chess.com"]

[Event "Titled Tuesday Blitz April 05 Late 2022"]
[White "Foisor, Sabina-Francesca"]
[Black "Araujo Sanchez, Josue"]
[WhiteFideId "1212915"]
[BlackFideId "6416896"]
[WhiteElo "2361"]
[BlackElo "2556"]
[Result "0-1"]
[Round "02"]
[TimeControl "180+1"]
[Date "2022.04.06"]
[WhiteClock "0:00:03"]
[BlackClock "0:01:07"]

1. d4 Nf6 2. c4 e6 3. Nf3 d5 4. Nc3 Nbd7 5. Bg5 Be7 6. e3 O-O 7. Qc2 c6 8. Bd3 b5 9. cxb5 cxb5 10. Bxb5 Rb8 11. O-O Qc7 12. Rac1 Bd6 13. Bd3 Qa5 14. a3 Ba6 15. Bxa6 Qxa6 16. Qa4 Qb7 17. b4 Nb6 18. Qb3 Nc4 19. Bxf6 gxf6 20. e4 dxe4 21. Nxe4 Qxe4 22. Qxc4 a5 23. Rfe1 Qa8 24. Qd3 Rfc8 25. Rcd1 axb4 26. axb4 Qd5 27. Re4 f5 28. Rh4 Rxb4 29. h3 Rb3 30. Qd2 Bf8 31. Qg5+ Bg7 32. Ne5 f6 33. Qh5 fxe5 34. Qxh7+ Kf8 35. Rh5 exd4 36. Rg5 Rc7 37. Qg6 Re7 38. Ra1 Rb8 39. h4 Qe5 40. h5 Qf6 41. h6 Qxg6 42. Rxg6 Bh8 43. Re1 d3 44. Rgxe6 Rxe6 45. Rxe6 d2 46. Rd6 Rb1+ 47. Kh2 Be5+ 48. g3 Bxd6 0-1


[Site "https://www.chess.com"]

[Event "Titled Tuesday Blitz April 05 Late 2022"]
[White "Galego, Luis"]
[Black "Calderon, Zachary"]
[WhiteFideId "1900072"]
[BlackFideId "2076969"]
[WhiteElo "2528"]
[BlackElo "2299"]
[Result "1-0"]
[Round "02"]
[TimeControl "180+1"]
[Date "2022.04.06"]
[WhiteClock "0:00:19"]
[BlackClock "0:01:11"]

1. d4 d5 2. c4 dxc4 3. Nc3 e5 4. e3 Nf6 5. Bxc4 exd4 6. exd4 Be7 7. Nf3 O-O 8. h3 c6 9. O-O Bf5 10. Re1 Nbd7 11. Bg5 Nb6 12. Bb3 h6 13. Bh4 Nfd5 14. Bxe7 Nxe7 15. Ne5 Ned5 16. Qf3 Qg5 17. Nxd5 Nxd5 18. Bxd5 cxd5 19. h4 Qf6 20. Rac1 Be4 21. Qxf6 gxf6 22. Nd7 Rfc8 23. Nxf6+ Kg7 24. Rxc8 Rxc8 25. Nxe4 dxe4 26. Rxe4 Rc1+ 27. Kh2 Rc2 28. d5 Rd2 29. Re7 Rxb2 30. d6 Rd2 31. Rxb7 Rxd6 32. Rxa7 Rd2 33. Kg3 Kg6 34. f3 h5 35. Ra6+ f6 36. a4 Ra2 37. Ra8 Kf5 38. a5 Ra4 39. a6 Ra1 40. a7 Ra3 41. Kf2 Kf4 42. g3+ Kf5 43. Rh8 Rxa7 44. Rxh5+ Kg6 45. Rd5 Ra2+ 46. Ke3 Ra3+ 47. Rd3 Ra1 48. g4 Re1+ 49. Kf4 Rh1 50. h5+ Kh6 51. Kf5 Ra1 52. Kxf6 Ra6+ 53. Ke5 Ra5+ 54. Rd5 Ra3 55. f4 Kg7 56. Rd7+ Kh8 57. g5 Ra5+ 58. Rd5 Ra7 59. f5 Ra8 60. f6 Re8+ 61. Kf5 Rf8 62. g6 Kg8 63. Kg5 Kh8 64. g7+ Kh7 65. gxf8=N+ Kg8 66. Ng6 Kf7 67. Rd7+ Ke6 68. f7 Kxd7 69. f8=Q Ke6 70. h6 Kd7 71. h7 Ke6 72. h8=Q Kd7 73. Qhg7+ Ke6 74. Qge7+ Kd5 75. Qfd8+ Kc6 76. Qec7+ Kb5 77. Qdb8+ Ka6 78. Qca7# 1-0


[Site "https://www.chess.com"]

[Event "Titled Tuesday Blitz April 05 Late 2022"]
[White "Garagulya, Konstantin"]
[Black "Onslow, Alfie"]
[WhiteFideId "4128931"]
[BlackFideId "436976"]
[WhiteElo "2329"]
[BlackElo "1884"]
[Result "1-0"]
[Round "02"]
[TimeControl "180+1"]
[Date "2022.04.06"]
[WhiteClock "0:00:27"]
[BlackClock "0:00:06"]

1. d4 Nf6 2. Nf3 c5 3. e3 cxd4 4. exd4 b6 5. Bd3 Bb7 6. O-O d6 7. Re1 Nbd7 8. Nbd2 g6 9. Nc4 e6 10. Bg5 Be7 11. Bf4 Nf8 12. c3 h6 13. Qa4+ Qd7 14. Nxd6+ Bxd6 15. Bb5 Bxf4 16. Ne5 Bxe5 17. dxe5 Qxb5 18. Qxb5+ N6d7 19. Rad1 O-O-O 20. a4 g5 21. a5 Ng6 22. a6 Ba8 23. Rd4 Nf4 24. Qc4+ Kb8 25. Red1 Rc8 26. Qb5 Bc6 27. Qc4 Nxe5 28. Qb4 Ne2+ 29. Kf1 Nxd4 30. Qxd4 Nd7 31. Qg7 Rhf8 32. Qxh6 f6 33. Qg7 Rfd8 34. f3 e5 35. Kf2 Nc5 36. Rxd8 Rxd8 37. Qxf6 Bb5 38. Qxd8# 1-0


[Site "https://www.chess.com"]

[Event "Titled Tuesday Blitz April 05 Late 2022"]
[White "Gatterer, Florian"]
[Black "Nasuta, Grzegorz"]
[WhiteFideId "811688"]
[BlackFideId "1141686"]
[WhiteElo "2378"]
[BlackElo "2618"]
[Result "0-1"]
[Round "02"]
[TimeControl "180+1"]
[Date "2022.04.06"]
[WhiteClock "0:00:12"]
[BlackClock "0:00:08"]

1. Nf3 b5 2. g3 Bb7 3. Bg2 Nf6 4. O-O d5 5. d4 e6 6. a4 b4 7. c4 bxc3 8. Nxc3 Be7 9. Bf4 O-O 10. Qb3 Bc8 11. Ne5 c5 12. dxc5 Bxc5 13. Rac1 Qb6 14. Qa2 Na6 15. a5 Qb7 16. Na4 Bd6 17. Nd3 Bxf4 18. gxf4 Bd7 19. Nac5 Nxc5 20. Nxc5 Qb5 21. e3 Rfc8 22. Qa3 Rab8 23. Nd3 Qa6 24. Ne5 Bb5 25. Rfe1 Qb7 26. h3 h6 27. Kh2 Nd7 28. Nxd7 Bxd7 29. Qe7 Re8 30. Qd6 Rec8 31. Qe7 Bc6 32. Qd6 Be8 33. Kg3 Qxb2 34. Rxc8 Rxc8 35. f5 Qc3 36. fxe6 Qxe1 37. exf7+ Bxf7 38. Bxd5 Bxd5 39. Qxd5+ Kh8 40. Qf5 Rg8 41. Qf3 Qxa5 42. Qf7 Qg5+ 43. Kh2 a5 44. f4 Qf6 45. Qd5 a4 46. Kg3 a3 47. Qb3 Qb2 48. Qf7 a2 49. Qg6 a1=Q 50. Qh7+ Kxh7 0-1


[Site "https://www.chess.com"]

[Event "Titled Tuesday Blitz April 05 Late 2022"]
[White "Geldiyeva, Mahri"]
[Black "Moral Garcia, Serafin"]
[WhiteFideId "14000059"]
[BlackFideId "2201925"]
[WhiteElo "2267"]
[BlackElo "2516"]
[Result "0-1"]
[Round "02"]
[TimeControl "180+1"]
[Date "2022.04.06"]
[WhiteClock "0:00:15"]
[BlackClock "0:00:59"]

1. d4 Nf6 2. c4 c5 3. d5 e6 4. Nc3 exd5 5. cxd5 d6 6. e4 g6 7. h3 Bg7 8. Nf3 a6 9. a4 O-O 10. Bf4 Qe7 11. Nd2 Nbd7 12. Be2 Ne8 13. O-O Ne5 14. Bg3 f5 15. f4 Nd7 16. Bf3 fxe4 17. Ndxe4 Ndf6 18. Re1 Nxe4 19. Rxe4 Qf7 20. Qe2 Bd4+ 21. Kh2 Bf5 22. Re7 Qf6 23. Re1 Ng7 24. Rxb7 Rfe8 25. Qf1 Bxc3 26. bxc3 Qxc3 27. Rxe8+ Rxe8 28. Rb6 Bd3 29. Qd1 c4 30. Rxd6 Nf5 31. Rxa6 Nxg3 32. Kxg3 Re1 33. Ra8+ Kg7 34. Ra7+ Kf6 35. Ra6+ Kg7 36. Ra7+ Kh6 37. d6 Rxd1 38. Bxd1 Be2+ 39. Kh2 Bxd1 40. d7 Qd4 0-1


[Site "https://www.chess.com"]

[Event "Titled Tuesday Blitz April 05 Late 2022"]
[White "Gelman, Alexander"]
[Black "Ilyasli, Ughur"]
[WhiteFideId "4118316"]
[BlackFideId "13416197"]
[WhiteElo "2694"]
[BlackElo "2397"]
[Result "0-1"]
[Round "02"]
[TimeControl "180+1"]
[Date "2022.04.06"]
[WhiteClock "0:00:07"]
[BlackClock "0:00:24"]

1. d4 Nf6 2. Nc3 e6 3. e4 d5 4. e5 Nfd7 5. Nce2 c5 6. c3 Nc6 7. f4 cxd4 8. cxd4 f6 9. Nf3 Bb4+ 10. Nc3 O-O 11. a3 Ba5 12. Be3 fxe5 13. fxe5 Ne7 14. Bd3 Nf5 15. Bf2 Nb6 16. b4 Nc4 17. Bxc4 dxc4 18. bxa5 Qxa5 19. Qd2 b5 20. O-O Bb7 21. Rfb1 a6 22. a4 b4 23. Na2 c3 24. Qe2 Bxf3 25. gxf3 Rab8 26. Qc4 Qd8 27. Rxb4 Qg5+ 28. Kh1 Rbc8 29. Qxe6+ Kh8 30. d5 c2 31. Rc1 Qd2 32. Kg1 Ne3 33. Rb7 Qd1+ 34. Be1 Qxf3 35. h4 Qg2# 0-1


[Site "https://www.chess.com"]

[Event "Titled Tuesday Blitz April 05 Late 2022"]
[White "Gogolev, Artem"]
[Black "VengoDelFuturo"]
[WhiteFideId "4116615"]
[WhiteElo "2542"]
[BlackElo "2354"]
[Result "1-0"]
[Round "02"]
[TimeControl "180+1"]
[Date "2022.04.06"]
[WhiteClock "0:00:41"]
[BlackClock "0:00:37"]

1. d4 Nf6 2. Nf3 g6 3. Nbd2 d5 4. c4 c6 5. e3 Bg7 6. Be2 O-O 7. O-O Bf5 8. b4 Ne4 9. Bb2 Nxd2 10. Qxd2 Nd7 11. b5 cxb5 12. cxd5 a6 13. Ne5 Nb6 14. Bf3 Bxe5 15. dxe5 Nc4 16. Qd4 Nxb2 17. Qxb2 Bd3 18. Rfd1 Bc4 19. d6 exd6 20. Bxb7 Ra7 21. Bd5 Bxd5 22. Rxd5 Qg5 23. Qd4 Rd7 24. e6 1-0


[Site "https://www.chess.com"]

[Event "Titled Tuesday Blitz April 05 Late 2022"]
[White "Gu, Xiaobing"]
[Black "Chojnacki, Slawomir"]
[WhiteFideId "8602611"]
[BlackFideId "1117076"]
[WhiteElo "2270"]
[BlackElo "2517"]
[Result "1-0"]
[Round "02"]
[TimeControl "180+1"]
[Date "2022.04.06"]
[WhiteClock "0:01:01"]
[BlackClock "0:00:19"]

1. e4 c6 2. d4 d5 3. exd5 cxd5 4. Nf3 Nc6 5. Bb5 Nf6 6. c3 Bg4 7. h3 Bxf3 8. Qxf3 e6 9. O-O Bd6 10. Bg5 Rc8 11. Re1 O-O 12. Nd2 h6 13. Bh4 Be7 14. Bd3 Nd7 15. Bg3 Bg5 16. Nf1 Bf6 17. Ne3 Re8 18. Ng4 Bg5 19. Re2 f5 20. Ne5 Ndxe5 21. Bxe5 Nxe5 22. Rxe5 Bf6 23. Re2 g6 24. Rae1 Kf7 25. g4 Qb6 26. gxf5 gxf5 27. Qh5+ Kg7 28. Bxf5 exf5 29. Rxe8 Rxe8 30. Qxe8 Qxb2 31. Qd7+ Kg6 32. Re8 Qc1+ 33. Kg2 Qg5+ 34. Kf1 Qc1+ 35. Kg2 Qg5+ 36. Kf1 Qc1+ 37. Re1 Qxc3 38. Qe8+ Kg7 39. Re3 Qxd4 40. Qd7+ Kg6 41. Qxb7 f4 42. Qb1+ Kg5 43. Rd3 Qe4 44. Qb5 Qh1+ 45. Ke2 Qe4+ 46. Kd1 Qh1+ 47. Kc2 Qe1 48. Rxd5+ Kg6 49. Qe8+ Kg7 50. Qxe1 1-0


[Site "https://www.chess.com"]

[Event "Titled Tuesday Blitz April 05 Late 2022"]
[White "Guz, Ari"]
[Black "Rytenko, Vsevolod"]
[WhiteFideId "2825759"]
[BlackFideId "14133040"]
[WhiteElo "2631"]
[BlackElo "2315"]
[Result "0-1"]
[Round "02"]
[TimeControl "180+1"]
[Date "2022.04.06"]
[WhiteClock "0:00:18"]
[BlackClock "0:00:11"]

1. b3 d5 2. Bb2 Nf6 3. Nf3 g6 4. e3 Bg7 5. Be2 O-O 6. O-O c5 7. d4 Qc7 8. dxc5 Qxc5 9. c4 Nc6 10. Nc3 dxc4 11. Bxc4 Rd8 12. Qe2 Bg4 13. Rac1 Qh5 14. h3 Ne5 15. Bxf7+ Nxf7 16. hxg4 Nxg4 17. g3 Nfe5 18. Nh4 g5 19. f3 gxh4 20. fxg4 Qxg4 21. Qxg4 Nxg4 22. gxh4 Rd2 23. Ba3 Nxe3 24. Rf2 Bxc3 25. Rxc3 Rd1+ 26. Kh2 Ng4+ 27. Kg3 Nxf2 28. Kxf2 Rd2+ 29. Kg3 Rxa2 30. Bxe7 a5 31. Bf6 Kf7 32. Bd4 b5 33. Kf4 a4 34. Kf5 Ke7 35. Rc7+ Kd6 36. Be5+ Kd5 37. Rd7+ Kc6 38. Rc7+ Kb6 39. bxa4 Rf8+ 40. Kg5 Rg2+ 41. Kh6 bxa4 42. Rxh7 a3 43. Bd4+ Kb5 44. Ra7 Rf4 45. h5 Rxd4 46. Rxa3 Kc6 47. Ra6+ Kb7 48. Rg6 Rh2 49. Rg5 Rd6+ 50. Kh7 Kc7 51. Ra5 Kd7 52. Ra7+ Ke6 53. h6 Kf5 54. Rf7+ Ke5 55. Re7+ Kd5 56. Kg7 Rdxh6 57. Rf7 Rh7+ 0-1


[Site "https://www.chess.com"]

[Event "Titled Tuesday Blitz April 05 Late 2022"]
[White "Hakobyan, Aram"]
[Black "Fishbein, Alexander"]
[WhiteFideId "13306677"]
[BlackFideId "2000377"]
[WhiteElo "2557"]
[BlackElo "2442"]
[Result "0-1"]
[Round "02"]
[TimeControl "180+1"]
[Date "2022.04.05"]
[WhiteClock "0:00:04"]
[BlackClock "0:00:38"]

1. d4 Nf6 2. a3 g6 3. Nc3 d5 4. Bf4 Bg7 5. Nb5 Na6 6. e3 O-O 7. h3 Bd7 8. Nf3 e6 9. Be2 Bxb5 10. Bxb5 c5 11. O-O c4 12. Bxa6 bxa6 13. b3 cxb3 14. cxb3 Ne4 15. Qd3 Qb6 16. Rfc1 Rfc8 17. Ne5 Bxe5 18. Bxe5 Qb5 19. Qxb5 axb5 20. b4 Rc4 21. Rxc4 bxc4 22. a4 f6 23. Bh2 Rc8 24. f3 Nd2 25. Rc1 c3 26. Rc2 Rc4 27. b5 Nb1 28. a5 Na3 29. Rc1 c2 30. b6 axb6 31. axb6 e5 32. dxe5 Rb4 33. e6 Rb1 34. b7 Rxc1+ 35. Kf2 Rb1 0-1


[Site "https://www.chess.com"]

[Event "Titled Tuesday Blitz April 05 Late 2022"]
[White "Hambleton, Aman"]
[Black "Bellissimo, Joseph F."]
[WhiteFideId "2606577"]
[BlackFideId "2609843"]
[WhiteElo "2803"]
[BlackElo "2549"]
[Result "1-0"]
[Round "02"]
[TimeControl "180+1"]
[Date "2022.04.06"]
[WhiteClock "0:00:07"]
[BlackClock "0:00:11"]

1. d4 Nf6 2. c4 e6 3. Nc3 Bb4 4. Qc2 O-O 5. Nf3 d5 6. cxd5 exd5 7. Bg5 c6 8. e3 Na6 9. Bd3 h6 10. Bh4 Be7 11. a3 Nc7 12. O-O Ne6 13. Ne5 c5 14. dxc5 Nxc5 15. Bf5 Be6 16. Rad1 Rc8 17. Bxe6 Nxe6 18. Qf5 Qd6 19. Bxf6 Bxf6 20. Rxd5 Bxe5 21. Rxd6 Bxd6 22. Qd5 Rfd8 23. Qxb7 Rb8 24. Qxa7 Rxb2 25. Ne4 Bf8 26. h4 Ra2 27. a4 Rd3 28. Rc1 Rda3 29. Rc4 Ra1+ 30. Kh2 Rd1 31. g4 Raa1 32. Kg2 Rg1+ 33. Kf3 h5 34. gxh5 Rh1 35. Ng3 Rhd1 36. Rc8 Rd8 37. Rxd8 Nxd8 38. Qd7 Ne6 39. h6 gxh6 40. Ne4 Kg7 41. Qd5 Ra2 42. Qxa2 f5 43. Nd2 Kf6 44. Qa1+ Kf7 45. Ke2 Bg7 46. Qb1 Be5 47. Qb7+ Kf6 48. a5 Nc5 49. Qb6+ Ne6 50. a6 Bc7 51. Qb7 Nc5 52. Qxc7 Nxa6 53. Qb6+ Kg7 54. Qxa6 f4 55. Kf3 1-0


[Site "https://www.chess.com"]

[Event "Titled Tuesday Blitz April 05 Late 2022"]
[White "Hardaway, Brewington"]
[Black "Sarana, Alexey"]
[WhiteFideId "30941849"]
[BlackFideId "24133795"]
[WhiteElo "1768"]
[BlackElo "2666"]
[Result "0-1"]
[Round "02"]
[TimeControl "180+1"]
[Date "2022.04.05"]
[WhiteClock "0:00:10"]
[BlackClock "0:00:05"]

1. Nf3 d5 2. b3 Nf6 3. Bb2 Bf5 4. e3 e6 5. c4 h6 6. Nc3 Nbd7 7. d4 Bb4 8. a3 Bxc3+ 9. Bxc3 O-O 10. Bd3 Bxd3 11. Qxd3 Ne4 12. Bb2 c6 13. a4 a5 14. Ba3 Re8 15. cxd5 exd5 16. O-O Qf6 17. Nd2 Qf5 18. f3 Nd6 19. e4 dxe4 20. fxe4 Qg6 21. Bxd6 Qxd6 22. Nc4 Qe6 23. e5 Re7 24. Nd6 Qd5 25. Nf5 Rxe5 26. Rad1 Re6 27. Qg3 g5 28. Rde1 Rxe1 29. Qxe1 Kh7 30. Qb1 Kh8 31. Nxh6 Rf8 32. Nf5 Nf6 33. Qc1 Nh7 34. Qe3 f6 35. Qd3 Re8 36. Qg3 Qd7 37. h4 gxh4 38. Qxh4 Rg8 39. Nh6 Rg6 40. Nf5 Rg5 41. Ne3 Qe6 42. Qf4 Qxb3 43. Nf5 Qd5 44. g3 Qd7 45. Qb8+ Rg8 46. Qf4 Rg5 47. Qb8+ Rg8 48. Qf4 Re8 49. Nh4 Qg7 50. Nf5 Qd7 51. Nh4 Rd8 52. Nf5 Qf7 53. Kh2 Rf8 54. Rh1 Qg6 55. Kg1 Re8 56. Rh6 Qf7 57. Nd6 Re1+ 58. Kf2 Qe7 59. Qf3 Re6 60. Nf5 Qe8 61. Qg4 Qf7 62. Qf4 Re8 63. Nd6 Qa2+ 64. Kf1 Qe2+ 65. Kg1 Qd1+ 66. Kg2 Re2+ 67. Kh3 Qh1+ 68. Kg4 Qd5 69. Kh3 Re1 70. Kg4 Qe6+ 71. Nf5 Re4 72. d5 Rxf4+ 73. gxf4 cxd5 74. Rg6 Qe2+ 75. Kg3 Qe1+ 76. Kg4 Qg1+ 77. Kh5 Qh2+ 78. Kg4 Qg2+ 79. Kh5 Qh3+ 80. Nh4 d4 81. f5 d3 82. Rg4 Qxg4+ 83. Kxg4 d2 84. Ng6+ Kg7 85. Nf4 d1=Q+ 0-1


[Site "https://www.chess.com"]

[Event "Titled Tuesday Blitz April 05 Late 2022"]
[White "Harshavardhan G B"]
[Black "Dreev, Aleksey"]
[WhiteFideId "25059009"]
[BlackFideId "4100107"]
[WhiteElo "1831"]
[BlackElo "2625"]
[Result "0-1"]
[Round "02"]
[TimeControl "180+1"]
[Date "2022.04.05"]
[WhiteClock "0:00:17"]
[BlackClock "0:00:07"]

1. d4 Nf6 2. c4 e6 3. Nc3 d5 4. Nf3 Nbd7 5. Bf4 dxc4 6. e3 Bd6 7. Bxc4 Bxf4 8. exf4 O-O 9. O-O b6 10. Ne5 Bb7 11. Re1 c5 12. dxc5 Nxc5 13. Qc2 Rc8 14. f5 Nd5 15. Rad1 Nd7 16. Nxd7 Qxd7 17. fxe6 fxe6 18. Qe2 Qf7 19. Nxd5 Bxd5 20. Bxd5 exd5 21. Qd2 d4 22. Qxd4 Qxa2 23. Re7 Rf7 24. Qe5 Rxe7 25. Qxe7 Qf7 26. Qe3 Re8 27. Qd4 h6 28. b4 Qg6 29. h4 Kh7 30. b5 Re4 31. Qd8 Rg4 32. g3 Re4 33. Qd5 h5 34. Rd3 Rxh4 35. Rf3 Qb1+ 0-1


[Site "https://www.chess.com"]

[Event "Titled Tuesday Blitz April 05 Late 2022"]
[White "He, Anthony"]
[Black "Wieczorek, Oskar"]
[WhiteFideId "2088215"]
[BlackFideId "1133950"]
[WhiteElo "2415"]
[BlackElo "2319"]
[Result "1-0"]
[Round "02"]
[TimeControl "180+1"]
[Date "2022.04.05"]
[WhiteClock "0:02:11"]
[BlackClock "0:01:27"]

1. d4 g6 2. c4 Bg7 3. Nc3 b6 4. e4 Bb7 5. Be3 e6 6. Qd2 d6 7. Bd3 Nd7 8. Nge2 h6 9. h4 Ne7 10. f3 a6 11. g4 h5 12. gxh5 Rxh5 13. O-O-O Nf6 14. Bg5 e5 15. d5 c6 16. Ng3 Rh8 17. Kb1 cxd5 18. cxd5 b5 19. Rc1 Qd7 20. Qe2 Nh5 21. Nxh5 Rxh5 22. Nxb5 Rc8 23. Rxc8+ Nxc8 24. Rc1 1-0


[Site "https://www.chess.com"]

[Event "Titled Tuesday Blitz April 05 Late 2022"]
[White "Hernandez Bermudez, Ulises Eduardo"]
[Black "Suarez Uriel, Adrian"]
[WhiteFideId "3902510"]
[BlackFideId "22230874"]
[WhiteElo "2056"]
[BlackElo "2316"]
[Result "0-1"]
[Round "02"]
[TimeControl "180+1"]
[Date "2022.04.06"]
[WhiteClock "0:00:11"]
[BlackClock "0:01:26"]

1. e4 c5 2. Nf3 Nc6 3. d4 cxd4 4. Nxd4 g6 5. c4 Bg7 6. Be3 d6 7. Nc3 Nh6 8. f3 f5 9. Be2 O-O 10. O-O fxe4 11. Nxe4 Nf5 12. Nxf5 Bxf5 13. Qd2 Rc8 14. Rac1 Bxe4 15. fxe4 Qd7 16. c5 Kh8 17. cxd6 exd6 18. Rcd1 Be5 19. Bf4 Qe7 20. Bxe5+ dxe5 21. Qd7 Rxf1+ 22. Bxf1 Qc5+ 23. Kh1 Rd8 24. Qg4 Rxd1 25. Qxd1 Nd4 26. Bd3 Kg7 27. h3 h5 28. Qa4 b5 29. Qd1 b4 30. Kh2 a5 31. Qf1 Ne6 32. Bc4 Nf4 33. Bb3 h4 34. Qe1 Qe7 35. Qf2 Nd3 36. Qe2 Qd8 37. Bd5 Nf4 38. Qc4 Qg5 39. Qc2 Qg3+ 40. Kh1 Qe1+ 41. Kh2 Ne2 42. g4 Qg1# 0-1


[Site "https://www.chess.com"]

[Event "Titled Tuesday Blitz April 05 Late 2022"]
[White "Herrera Reyes, Jose Antonio"]
[Black "Shimanov, Aleksandr"]
[WhiteFideId "2274914"]
[BlackFideId "4198603"]
[WhiteElo "2361"]
[BlackElo "2636"]
[Result "0-1"]
[Round "02"]
[TimeControl "180+1"]
[Date "2022.04.05"]
[WhiteClock "0:00:22"]
[BlackClock "0:00:10"]

1. Nf3 d5 2. g3 Bg4 3. Bg2 Nd7 4. O-O c6 5. d3 e5 6. c3 Ngf6 7. Qb3 Qc7 8. c4 d4 9. e3 dxe3 10. Bxe3 Bc5 11. Bxc5 Nxc5 12. Qa3 Bxf3 13. Qxc5 Bxg2 14. Kxg2 Nd7 15. Qa3 c5 16. Nc3 Qc6+ 17. Kg1 O-O 18. Nd5 Rfe8 19. f4 exf4 20. Rxf4 Nb6 21. Nc3 Qd6 22. Nb5 Qe5 23. Raf1 f6 24. Qc3 Qxc3 25. bxc3 Red8 26. R4f3 Rd7 27. Rb1 Na4 28. d4 a6 29. Na3 Re8 30. d5 Re2 31. Rf2 Rxf2 32. Kxf2 Nxc3 33. Re1 Kf7 34. Nc2 Nxa2 35. Ne3 Nb4 36. Ke2 b5 37. Rd1 bxc4 38. d6 c3 39. Nc4 c2 40. Ra1 Ke6 41. Kd2 Rb7 42. Kc3 Kd5 43. h4 Rb8 44. h5 c1=Q+ 45. Rxc1 Na2+ 46. Kd2 Nxc1 47. Ne3+ Kxd6 48. Kxc1 Ke5 49. Kd2 Rd8+ 50. Ke2 Kd4 51. Nf5+ Kc3 52. Nxg7 a5 53. Ne6 Re8 0-1


[Site "https://www.chess.com"]

[Event "Titled Tuesday Blitz April 05 Late 2022"]
[White "Hess, Robert"]
[Black "Vusatiuk, Vladimir"]
[WhiteFideId "2022036"]
[BlackFideId "14118610"]
[WhiteElo "2557"]
[BlackElo "2157"]
[Result "1-0"]
[Round "02"]
[TimeControl "180+1"]
[Date "2022.04.05"]
[WhiteClock "0:00:13"]
[BlackClock "0:00:03"]

1. b3 a5 2. c4 e6 3. Bb2 Nf6 4. Nf3 a4 5. bxa4 Na6 6. Nc3 d5 7. e3 Be7 8. d4 O-O 9. Bd3 c5 10. cxd5 Nxd5 11. Nxd5 Qxd5 12. O-O Nb4 13. Bb5 Rd8 14. Qb3 b6 15. dxc5 Qxc5 16. Bd4 Qh5 17. Bxb6 Bb7 18. e4 Rdc8 19. Nd2 Nc6 20. Rac1 Ne5 21. Qg3 Bd6 22. f4 Nc6 23. e5 Ba3 24. Qxa3 Ne7 25. Qxe7 Rxc1 26. Rxc1 Qg6 27. Qxb7 Rf8 28. Rc8 1-0


[Site "https://www.chess.com"]

[Event "Titled Tuesday Blitz April 05 Late 2022"]
[White "Hnydiuk, Aleksander"]
[Black "Roman, Rodrigo"]
[WhiteFideId "1109057"]
[BlackFideId "3701220"]
[WhiteElo "2511"]
[BlackElo "2264"]
[Result "1-0"]
[Round "02"]
[TimeControl "180+1"]
[Date "2022.04.06"]
[WhiteClock "0:00:55"]
[BlackClock "0:00:41"]

1. Nf3 c5 2. c4 Nc6 3. d4 cxd4 4. Nxd4 Nf6 5. Nc3 d6 6. g3 Bd7 7. Bg2 a6 8. O-O Rc8 9. b3 Nxd4 10. Qxd4 Qc7 11. Bb2 e5 12. Qd3 Bc6 13. Rfd1 Be7 14. Rac1 O-O 15. Nd5 Bxd5 16. Bxd5 Nxd5 17. Qxd5 Qc6 18. a4 Qb6 19. Rd3 Rc5 20. Qg2 f5 21. Ba3 Rc6 22. Qd5+ Kh8 23. a5 Qc7 24. Rcd1 Rf6 25. Bb4 h5 26. Qg2 f4 27. Qe4 g6 28. Rd5 Kg7 29. c5 dxc5 30. Rd7 fxg3 31. Rxc7 gxh2+ 32. Kh1 Rxc7 33. Bc3 Kf7 34. Bxe5 Rfc6 35. Bxc7 Rxc7 36. Qd5+ Kf6 37. Rd3 1-0


[Site "https://www.chess.com"]

[Event "Titled Tuesday Blitz April 05 Late 2022"]
[White "Hoffmann, Asa"]
[Black "Adewumi, Tanitoluwa"]
[WhiteFideId "2001470"]
[BlackFideId "30966396"]
[WhiteElo "2369"]
[BlackElo "2559"]
[Result "1-0"]
[Round "02"]
[TimeControl "180+1"]
[Date "2022.04.06"]
[WhiteClock "0:00:55"]
[BlackClock "0:00:10"]

1. d4 Nf6 2. Bg5 Ne4 3. Bf4 d5 4. f3 Nd6 5. Nc3 c6 6. e4 dxe4 7. fxe4 g6 8. Nf3 Bg7 9. Qd2 O-O 10. O-O-O Nd7 11. Bh6 Qa5 12. h4 f6 13. Bxg7 Kxg7 14. h5 g5 15. e5 Nf5 16. Bd3 Nb6 17. g4 Nh6 18. Nxg5 fxe5 19. Nxh7 exd4 20. Nb1 Qxd2+ 21. Nxd2 Bxg4 22. Nxf8 Rxf8 23. Rdg1 Nd5 24. Ne4 Kh8 25. Rh4 Ne3 26. Kd2 e5 27. c3 c5 28. Nxc5 Rf2+ 29. Kc1 b6 30. Ne4 Bf5 31. Nxf2 1-0


[Site "https://www.chess.com"]